 Dungeon Crawl Stone Soup version 0.29-a0-25-g7f48f510a0 (webtiles) character file.

Game seed: 12430024711815880439

89417 Ajdolov the Imperceptible (level 15, -5/80 HPs)
             Began as a Felid Berserker on Jan 30, 2022.
             Was a High Priest of Trog.
             Shot with an arrow by a centaur warrior (8 damage)
             ... on level 2 of the Shoals on Jan 31, 2022.
             The game lasted 02:28:40 (58725 turns).

Ajdolov the Imperceptible (Felid Berserker)        Turns: 58725, Time: 02:28:41

Health: -5/80      AC:  7    Str: 15    XL:     15   Next: 12%
Magic:  0/16       EV: 34    Int: 10    God:    Trog [*****.]
Gold:   2198       SH:  0    Dex: 20    Spells: 14/14 levels left
                                        Lives:  0   Deaths: 4

rFire   . . .      SeeInvis +     - Unarmed
rCold   + . .      Faith    .   (shield unavailable)
rNeg    . . .      Spirit   +   (armour unavailable)
rPois   .          Reflect  .   (helmet unavailable)
rElec   .          Harm     .   (cloak unavailable)
rCorr   .          Rampage  .   (gloves unavailable)
Will    +++..                   (boots unavailable)
Stlth   ++++++++..              G - amulet of guardian spirit
HPRegen 0.23/turn               n - ring of willpower
MPRegen 0.15/turn               g - +4 ring of protection

@: studying Stealth, quick
A: very small, claws 1, fangs 3, see invisible, speed 1, shaggy fur 3, stealthy
paws, no weapons or thrown items, no armour, multi-lived
}: 1/15 runes: serpentine
a: Renounce Religion, Berserk, Trog's Hand, Brothers in Arms


You were on level 2 of the Shoals.
You worshipped Trog.
Trog was extremely pleased with you.
You visited 6 branches of the dungeon, and saw 30 of its levels.
You visited 1 bazaar.

You collected 2977 gold pieces.
You spent 779 gold pieces at shops.

Inventory:

Jewellery
 c - a +4 ring of evasion
 g - a +4 ring of protection (right paw)
 l - an amulet of reflection
 n - a ring of willpower (left paw)
 t - a +6 ring of intelligence
 G - an amulet of guardian spirit (around neck)
 K - an amulet of regeneration
Wands
 h - a wand of iceblast (20) (quivered)
 r - a wand of polymorph (32)
 z - a wand of acid (6)
 C - a wand of charming (8)
 L - a wand of paralysis (5)
Scrolls
 b - 5 scrolls of blinking
 e - 3 scrolls of identify
 i - 8 scrolls of teleportation
 j - 3 scrolls of noise
 q - 4 scrolls of holy word
 s - 5 scrolls of magic mapping
 u - 3 scrolls of fear
 y - 9 scrolls of vulnerability
 A - 3 scrolls of summoning
 D - 5 scrolls of fog
 F - 2 scrolls of torment
 I - 3 scrolls of immolation
Potions
 a - 2 potions of resistance
 d - 5 potions of berserk rage
 f - 6 potions of curing
 k - 3 potions of mutation
 o - 4 potions of lignification
 p - 4 potions of attraction
 v - a potion of haste
 w - 2 potions of ambrosia
 B - a potion of cancellation
 H - a potion of magic
 J - 2 potions of flight
Miscellaneous
 x - a lightning rod (4/4)
 E - a condenser vane
 M - a phantom mirror


   Skills:
 - Level 17.2 Fighting
 + Level 19.5 Dodging
 + Level 21.5 Stealth
 + Level 17.0 Unarmed Combat
 * Level 13.6 Evocations


You had 14 spell levels left.
You didn't know any spells.
Your spell library was empty.

Dungeon Overview and Level Annotations

Branches:
Dungeon (15/15)            Temple (1/1) D:5            Lair (6/6) D:9
 Shoals (2/4) Lair:2        Snake (4/4) Lair:2        Slime (0/5) Lair:5
    Orc (2/2) D:12            Elf (0/3) Orc:2        Vaults (0/5) D:14
 Depths (0/4) D:15

Altars:
Cheibriados
Dithmenos
Gozag
Hepliaklqana
Nemelex Xobeh
Okawaru
Qazlal
Ru
Uskayaw
Wu Jian
Yredelemnul
Beogh
Jiyva

Shops:
Orc:2 :*[(   Snake:1 (   Snake:3 [[[

Annotations:
Lair:3 2 exclusions
Lair:4 3 runed translucent doors, Bytius's ghost, journeyman TeAE
Lair:5 1 runed translucent door


Innate Abilities, Weirdness & Mutations

You have sharp claws.
You have razor-sharp teeth.
You have supernaturally acute eyesight. (SInv)
You cover ground quickly. (Speed+)
Your thick and shaggy fur keeps you warm. (AC +3, rC+)
Your paws help you pounce on unaware monsters.
You are incapable of wielding weapons or throwing items.
You cannot wear armour.
You gain extra lives every three experience levels.


Message History

Your deep troll closely misses the faun.
Your deep troll claws the faun!
You hear an angry hiss.
Your deep troll bites the faun!!
Your deep troll barely misses the faun.
Your deep troll claws the faun!!
The faun dies!
Trog accepts your kill.
Trog appreciates your killing of a magic user.
Things that are here:
15 stones; a +0 spear; a +0 hunting sling A wind drake comes into view.
What are your orders? t - Meow!
Orders for allies: a - Attack new target. r - Retreat! s - Stop attacking. g - Guard the area. f - Follow me.
Anything else - Cancel.
Gang up on whom?
Press: ? - help, Dir - move target, f - wind drake
Aim: a wind drake (repelling missiles, ally target) Attack!
A centaur warrior comes into view.
The wind drake flaps its wings at you. The air twists around and strikes you!
The centaur warrior wields a +0 shortbow.
The centaur warrior shoots an arrow.
The arrow closely misses you. The wind drake flaps its wings at you.
The air twists around and strikes you!!
* * * LOW HITPOINT WARNING * * *
Your deep troll rages.
Things that are here:
15 stones; a +0 spear; a +0 hunting sling You feel better.
Your deep troll closely misses the wind drake. x2
Your deep troll misses the wind drake.
The wind drake flaps its wings at you. The air twists around and strikes you!!
* * * LOW HITPOINT WARNING * * *
The centaur warrior shoots an arrow.
The arrow hits you!
You die...

...........# ..k........#
....
..8T8......#..≈......
..._)......#...≈.....
..........)#....≈...
.......)....≈≈≈≈≈≈## #..
.........)..≈≈≈≈≈≈.##...
........@).≈≈≈≈≈≈≈≈.....
.........<.≈≈≈≈≈≈≈≈≈...
...=.....(..≈≈≈≈≈≈≈≈.# .
.c.............≈≈≈≈..###.
≈≈≈.....≈≈.≈≈...≈........
>≈≈≈.....≈≈..##.....≈≈≈.≈
.≈≈.##..≈≈≈.......>.....≈
.≈≈.....≈≈≈≈≈.≈≈≈..≈≈....
.....≈≈≈≈≈≈≈≈≈≈≈≈.......≈


You could see a wind drake (repels missiles, ally target), a centaur warrior and
a friendly deep troll (summoned, berserk).

Vanquished Creatures
  Frances (Snake:1)
  2 quicksilver dragons
  6 nagarajas
  2 orc warlords (Orc:1)
  Nessos (Lair:6)
  Azrael (D:13)
  A yaktaur captain (D:12)
  A merfolk impaler (Shoals:1)
  7 hydras
  3 vault guards (D:14)
  4 boulder beetles
  12 naga warriors
  5 centaur warriors
  A catoblepas (Lair:3)
  A merfolk avatar (Shoals:1)
  A death knight (D:14)
  8 two-headed ogres
  13 anacondas
  2 death yaks
  An orc high priest (Orc:2)
  19 naga sharpshooters
  3 tengu warriors
  9 shock serpents
  4 salamander mystics
  7 skeletal warriors
  A goliath frog (shapeshifter) (D:15)
  3 sea snakes (Shoals:1)
  2 swamp dragons (Lair:4)
  A goliath frog (Lair:4)
  4 naga ritualists
  2 phantasmal warriors (D:14)
  5 orc knights
  5 wizards
  6 mana vipers
  6 deep elf pyromancers
  3 harpies
  Pikel (D:7)
  13 salamanders
  A necromancer (D:15)
  6 manticores
  5 fauns
  A wolf spider (Lair:6)
  12 cyclopes
  6 orc sorcerers
  16 ugly things
  3 merfolk sirens (Shoals:1)
  30 black mambas
  Maurice (D:10)
  5 guardian serpents
  19 cane toads
  21 elephants
  15 naga magi
  A centaur skeleton (D:15)
  A torpor snail (Lair:6)
  5 rime drakes
  3 kobold demonologists
  An unseen horror (D:12)
  11 komodo dragons
  2 efreet (D:14)
  3 freezing wraiths
  A tengu conjurer (D:14)
  9 trolls
  12 polar bears (Lair:6)
  A wind drake (shapeshifter) (D:15)
  2 tyrant leeches (Lair:4)
  3 hornets
  Prince Ribbit (D:6)
  4 merfolk
  A wolf spider simulacrum (D:15)
  A slime creature (D:12)
  A raiju (Lair:6)
  11 blink frogs
  4 dream sheep (Lair:6)
  3 snapping turtles
  2 centaur simulacra (D:15)
  5 shadows
  4 wraiths
  2 water elementals (Shoals:1)
  63 yaks
  8 wyverns
  3 basilisks
  A steam dragon (D:6)
  Grum (D:8)
  15 vampire mosquitoes
  8 wargs
  4 redbacks
  2 swamp worms (Lair:4)
  47 nagas
  26 water moccasins
  3 acid dragons
  18 hell hounds
  A meliai simulacrum (D:14)
  28 orc warriors
  12 black bears
  A black bear (shapeshifter) (D:14)
  2 swamp drakes (Lair:4)
  A hornet zombie (D:8)
  A sky beast (D:5)
  2 ice beasts (D:7)
  12 ogres
  4 boggarts (D:15)
  8 centaurs
  28 wolves
  3 lemures (D:6)
  A phantom (D:5)
  3 kobold brigands
  15 bullfrogs
  A scorpion (D:5)
  3 gnoll sergeants
  A water moccasin zombie (D:6)
  A wyvern skeleton (D:7)
  13 killer bees
  3 electric eels
  3 wights (D:7)
  7 howler monkeys
  3 centaur zombies
  2 jellies
  Crazy Yiuf (D:5)
  A hound (D:6)
  A bullfrog skeleton (D:6)
  20 orc priests
  2 iguanas
  30 orc wizards
  A howler monkey zombie (D:9)
  19 gnolls
  9 adders
  A howler monkey skeleton (D:4)
  A shadow imp (D:7)
  A white imp (D:7)
  3 worms
  2 dart slugs
  55 orcs
  7 ball pythons
  4 endoplasms
  4 giant cockroaches
  6 goblins
  5 hobgoblins
  5 jackals
  18 kobolds
  3 quokkas
  8 bats
  3 frilled lizards
  6 rats
  A spectral hobgoblin (D:10)
977 creatures vanquished.

Vanquished Creatures (collateral kills)
  4 fauns (Shoals:2)
  A manticore (Shoals:2)
  3 merfolk (Shoals:2)
8 creatures vanquished.

Vanquished Creatures (others)
  A vault guard (D:14)
  A wizard (D:14)
  A tengu conjurer (D:15)
  A naga (Snake:1)
  A boggart (D:15)
  An ufetubus (D:7)
  A kobold (D:10)
  46 fungi
  105 plants
158 creatures vanquished.

Grand Total: 1143 creatures vanquished

Notes
Turn   | Place    | Note
-------+----------+-------------------------------------------
     0 | D:1      | Ajdolov the Felid Berserker began the quest for the Orb.
     0 | D:1      | Reached XP level 1. HP: 10/10 MP: 2/2
    93 | D:1      | Reached XP level 2. HP: 11/14 MP: 3/3
   250 | D:1      | Found a faded altar of an unknown god.
   823 | D:2      | Reached XP level 3. HP: 10/17 MP: 4/4
  2132 | D:3      | Reached XP level 4. HP: 22/22 MP: 5/5
  2181 | D:3      | Reached ** piety under Trog
  2450 | D:3      | Reached skill level 1 in Stealth
  2642 | D:3      | Reached skill level 5 in Unarmed Combat
  2987 | D:3      | Found a stormy altar of Qazlal.
  3081 | D:4      | Reached skill level 2 in Stealth
  3153 | D:4      | Reached XP level 5. HP: 25/25 MP: 6/6
  3313 | D:4      | Reached skill level 3 in Stealth
  3321 | D:4      | Gained mutation: You are covered in thick fur. (AC +2)
                  | [Felid growth]
  3321 | D:4      | Reached XP level 6. HP: 14/28 MP: 7/7
  3967 | D:5      | Entered Level 5 of the Dungeon
  4091 | D:5      | Reached skill level 4 in Stealth
  4261 | D:5      | Found a staircase to the Ecumenical Temple.
  4263 | D:5      | Noticed a sky beast
  4288 | D:5      | Reached XP level 7. HP: 32/32 MP: 8/8
  4300 | D:5      | Reached skill level 5 in Stealth
  4341 | D:5      | Noticed a yak
  4346 | D:5      | Noticed a yak
  4374 | D:5      | Noticed a yak
  4377 | D:5      | Killed a yak
  4596 | D:5      | Noticed a yak
  4600 | D:5      | Killed a yak
  4612 | D:5      | Found a runed translucent door.
  4613 | D:5      | Noticed Crazy Yiuf
  4629 | Temple   | Entered the Ecumenical Temple
  4792 | Temple   | Killed a yak
  4793 | Temple   | Reached skill level 5 in Fighting
  4793 | Temple   | Reached XP level 8. HP: 37/37 MP: 9/9
  4878 | D:5      | Reached skill level 5 in Dodging
  5151 | D:5      | Killed Crazy Yiuf
  5221 | D:6      | Noticed Prince Ribbit
  5229 | D:6      | Killed Prince Ribbit
  5476 | D:6      | Found a sparkling altar of Nemelex Xobeh.
  6108 | D:6      | Reached XP level 9. HP: 32/41 MP: 10/10
  6518 | D:7      | Noticed Pikel
  7451 | D:7      | Reached *** piety under Trog
  7466 | D:7      | Killed Pikel
  7467 | D:7      | Reached skill level 10 in Unarmed Combat
  8329 | D:7      | Found an ornate altar of the Wu Jian Council.
  8334 | D:7      | Found a hide-covered altar of Uskayaw.
  8340 | D:7      | Found a snail-covered altar of Cheibriados.
  8765 | D:8      | Noticed Grum
  8774 | D:8      | Killed Grum
  8825 | D:8      | Reached XP level 10. HP: 38/48 MP: 11/11
  9682 | D:8      | Found the +8 trident of the Octopus King {venom, rElec
                  | rPois}
 10388 | D:9      | Found a staircase to the Lair.
 10956 | D:9      | Reached skill level 6 in Stealth
 11452 | D:10     | Entered Level 10 of the Dungeon
 11690 | D:10     | Noticed a two-headed ogre
 11714 | D:9      | Killed a two-headed ogre
 11715 | D:9      | Reached skill level 10 in Dodging
 11984 | D:10     | Noticed an orange demon
 12137 | D:9      | Reached skill level 10 in Fighting
 12137 | D:9      | Reached skill level 7 in Stealth
 12275 | D:10     | Reached XP level 11. HP: 54/54 MP: 12/12
 12346 | D:10     | Noticed a two-headed ogre
 12355 | D:10     | Killed a two-headed ogre
 12681 | D:10     | Found a hazy altar of Hepliaklqana.
 12692 | D:10     | Noticed Maurice
 12702 | D:10     | Killed Maurice
 12950 | D:11     | Reached skill level 8 in Stealth
 13253 | D:11     | Noticed a purple ugly thing
 13366 | D:11     | Killed a purple ugly thing
 13432 | D:10     | Reached skill level 9 in Stealth
 14098 | Lair:1   | Entered Level 1 of the Lair of Beasts
 15275 | Lair:2   | Noticed a five-headed hydra
 15276 | Lair:2   | Killed a five-headed hydra
 15395 | Lair:2   | Found a staircase to the Snake Pit.
 15482 | Lair:2   | Gained mutation: Your thick and shaggy fur keeps you warm.
                  | (AC +3, rC+) [Felid growth]
 15482 | Lair:2   | Reached XP level 12. HP: 61/61 MP: 13/13
 16022 | Lair:2   | Found a staircase to the Shoals.
 16353 | Lair:3   | Reached skill level 10 in Stealth
 17164 | Lair:3   | Reached skill level 11 in Stealth
 17767 | Lair:3   | Noticed a boulder beetle
 17811 | Lair:3   | Noticed a catoblepas
 18001 | Lair:3   | Reached skill level 12 in Stealth
 18379 | Lair:4   | Noticed a five-headed hydra
 18432 | Lair:4   | Killed a five-headed hydra
 19449 | Lair:3   | Reached **** piety under Trog
 19651 | Lair:3   | Reached XP level 13. HP: 60/67 MP: 14/14
 20324 | Lair:4   | Found a runed translucent gate.
 20324 | Lair:4   | Found a runed translucent gate.
 20346 | Lair:4   | Found a runed translucent gate.
 20348 | Lair:4   | Noticed Bytius's ghost (journeyman TeAE)
 20878 | Lair:5   | Upgraded the game from 0.29-a0-23-ga79f92ac9c to
                  | 0.29-a0-25-g7f48f510a0
 21450 | Lair:5   | Reached skill level 15 in Fighting
 21607 | Lair:5   | Found a runed translucent door.
 21608 | Lair:5   | Found a viscous altar of Jiyva.
 21608 | Lair:5   | Noticed an acid blob
 21609 | Lair:5   | Found a staircase to the Slime Pits.
 22106 | Lair:5   | Reached ***** piety under Trog
 22457 | Lair:6   | Entered Level 6 of the Lair of Beasts
 22923 | Lair:6   | Reached skill level 13 in Stealth
 23565 | Lair:6   | Reached skill level 15 in Dodging
 23734 | Lair:6   | Reached XP level 14. HP: 51/74 MP: 10/15
 24997 | Lair:6   | Noticed Nessos
 25213 | Lair:6   | HP: 2/74 [Nessos/arrow (8)]
 25214 | Lair:6   | Succumbed to Nessos's poison
 25215 | Lair:6   | Reached XP level 13. HP: -4/70 MP: 1/14
 26007 | Lair:6   | Killed Nessos
 26008 | Lair:6   | Reached skill level 14 in Stealth
 26896 | Lair:6   | Identified the +4 ring mail "Fewutis" {rCorr}
 26902 | Lair:6   | Identified the +2 ring mail of Giolanki {-Tele rElec rN++
                  | Will+}
 27762 | D:12     | Found a staircase to the Orcish Mines.
 28156 | D:12     | Reached XP level 14. HP: 73/75 MP: 9/15
 29076 | D:12     | Identified the +8 plate armour "Poefil" {rF+}
 29147 | D:12     | Reached skill level 15 in Stealth
 29729 | D:12     | Reached skill level 1 in Evocations
 30766 | D:13     | Noticed Azrael
 30811 | D:13     | Killed Azrael
 32680 | D:14     | Reached ****** piety under Trog
 32814 | D:14     | Found a gate to the Vaults.
 32880 | D:14     | Reached skill level 5 in Evocations
 33152 | D:14     | Reached XP level 15. HP: 43/80 MP: 9/16
 33863 | D:14     | Reached skill level 15 in Unarmed Combat
 33961 | D:15     | Entered Level 15 of the Dungeon
 34000 | D:15     | Found a shadowy altar of Dithmenos.
 34020 | D:15     | Found a flickering gateway to a bazaar.
 34032 | Bazaar   | Entered a bazaar
 34136 | Bazaar   | Found Otui's Antique Armour Shop.
 34166 | Bazaar   | Found Vaekof's Antique Armour Shoppe.
 34186 | Bazaar   | Found Couwn's Armour Boutique.
 34210 | Bazaar   | Found Meyraxt's Magic Scroll Boutique.
 34215 | Bazaar   | Bought a scroll of fear for 38 gold pieces
 34215 | Bazaar   | Bought a scroll of teleportation for 33 gold pieces
 34215 | Bazaar   | Bought a scroll of immolation for 38 gold pieces
 34215 | Bazaar   | Bought a scroll of immolation for 38 gold pieces
 34215 | Bazaar   | Bought 2 scrolls of magic mapping for 77 gold pieces
 34215 | Bazaar   | Bought a scroll of identify for 22 gold pieces
 34215 | Bazaar   | Bought a scroll of identify for 22 gold pieces
 34215 | Bazaar   | Bought a scroll of holy word for 82 gold pieces
 34226 | Bazaar   | Found Pyedith's Antique Armour Emporium.
 34684 | D:14     | Reached skill level 16 in Stealth
 34776 | D:14     | Identified a scroll of acquirement
 34780 | D:14     | Acquired a manual of Stealth
 35708 | D:15     | Found a staircase to the Depths.
 35842 | D:15     | Found a sacrificial altar of Ru.
 36718 | Orc:1    | Entered Level 1 of the Orcish Mines
 37074 | Orc:2    | Entered Level 2 of the Orcish Mines
 37185 | Orc:2    | Noticed an orc warlord
 37496 | Orc:1    | Found an iron altar of Okawaru.
 37585 | Orc:2    | Noticed an orc warlord
 37720 | Orc:1    | Killed an orc warlord
 38052 | Orc:1    | Killed an orc warlord
 38053 | Orc:1    | Reached skill level 17 in Stealth
 38235 | Orc:2    | Found Hici's General Store.
 38240 | Orc:2    | Found Asoemeg's Book Emporium.
 38247 | Orc:2    | HP: 1/120 [orc warrior (20)]
 38248 | Orc:2    | Slain by an orc wizard
 38249 | Orc:2    | Reached XP level 14. HP: 0/114 MP: 0/15
 38821 | Orc:2    | Bought a potion of curing for 39 gold pieces
 38821 | Orc:2    | Bought a lightning rod (4/4) for 390 gold pieces
 38830 | Orc:2    | Found Ledy's Antique Weapon Emporium.
 38845 | Orc:2    | Found a staircase to the Elven Halls.
 38972 | Orc:2    | Found Atsiaw's Antique Armour Emporium.
 39563 | Snake:1  | Entered Level 1 of the Snake Pit
 40255 | Snake:1  | Found Xefealan's Antique Weapon Shop.
 40294 | Snake:1  | Reached XP level 15. HP: 80/80 MP: 16/16
 42133 | Snake:1  | Reached skill level 18 in Stealth
 42393 | Snake:2  | Noticed Frances
 42574 | Snake:1  | Killed Frances
 44093 | Snake:2  | Reached skill level 10 in Evocations
 46207 | Snake:3  | Noticed a nagaraja
 46330 | Snake:2  | Killed a nagaraja
 46904 | Snake:3  | Reached skill level 19 in Stealth
 47540 | Snake:3  | Found Yhut's Armour Emporium.
 47542 | Snake:3  | Found Odasyz's Antique Armour Shoppe.
 47545 | Snake:3  | Found Pudem's Armour Emporium.
 48102 | Snake:3  | Found an opulent altar of Gozag.
 48197 | Snake:3  | Noticed a nagaraja
 48926 | Snake:3  | Killed a nagaraja
 50244 | Snake:4  | Entered Level 4 of the Snake Pit
 50607 | Snake:3  | Reached XP level 16. HP: 84/84 MP: 2/17
 52234 | Snake:4  | Reached skill level 20 in Stealth
 52528 | Snake:4  | Shot with a bolt by a naga sharpshooter
 52529 | Snake:4  | Reached XP level 15. HP: -4/80 MP: 0/16
 52625 | Snake:4  | Identified the +2 hunting sling of Untruth {flame, rPois
                  | rN+++ Int-4 Dex-2}
 52627 | Snake:4  | Noticed a nagaraja
 52752 | Snake:4  | Noticed a quicksilver dragon
 53794 | Snake:4  | Noticed a quicksilver dragon
 53805 | Snake:3  | Killed a quicksilver dragon
 54629 | Snake:4  | Killed a nagaraja
 55380 | Snake:4  | Killed a quicksilver dragon
 56006 | Snake:4  | Noticed a nagaraja
 56032 | Snake:4  | Killed a nagaraja
 56038 | Snake:4  | Reached skill level 21 in Stealth
 56164 | Snake:4  | Got a serpentine rune of Zot
 56305 | Snake:4  | Killed a nagaraja
 56644 | Shoals:1 | Entered Level 1 of the Shoals
 57782 | Shoals:2 | Found a basalt altar of Yredelemnul.
 57974 | Shoals:2 | Reached XP level 16. HP: 60/84 MP: 11/17
 57992 | Shoals:1 | HP: 4/84 [poisoned by a sea snake]
 57994 | Shoals:1 | Succumbed to a sea snake's poison
 57995 | Shoals:1 | Reached XP level 15. HP: 0/80 MP: 10/16
 58725 | Shoals:2 | HP: 3/80 [wind drake/the air (16)]
 58725 | Shoals:2 | Shot with an arrow by a centaur warrior

Illustrated notes

Levels and vault maps discovered:
D:1:      dpeg_arrival_boxes_within_box, layout_rooms,
          shapermc_ecumenical_altar_notcrosses
D:2:      layout_basic, minmay_quantized
D:3:      layout_loops_ring, mainiacjoe_overflow_tiny_flanked, kennysheep_potato
D:4:      layout_basic, corner_web_ring, minmay_a_box_with_orc_wizards_in_it
D:5:      layout_basic, minmay_temple_entry_offerings, minmay_misc_feat_pillars,
          uniq_crazy_yiuf_cottage
D:6:      layout_loops_ring, mainiacjoe_overflow_catwalk, uniq_prince_ribbit1
D:7:      layout_rooms, minmay_overflow_temple_star_quad, chequers_big_river,
          uniq_pikel
D:8:      layout_basic, uniq_grum
D:9:      layout_layer_cave, dpeg_oklobed_lair
D:10:     layout_cave_pools, nicolae_hepliaklqana_monster_ancestors,
          serial_column_ruins, column_ruins_grid_1,
          column_ruins_columns_straight, column_ruins_open_tiny_water,
          column_ruins_columns_straight, column_ruins_open_medium,
          column_ruins_open_tiny, column_ruins_grid_1,
          hangedman_decor_slide_cut, uniq_maurice
D:11:     layout_cave_pools, portal_ice_cave_rime
D:12:     minmay_the_grid_square_5x5_4x4_mashed [minmay_the_grid_square_5x5_v,
          minmay_the_grid_square_5x5_checkered,
          minmay_the_grid_square_5x5_percent,
          minmay_the_grid_square_5x5_doubleslash,
          minmay_the_grid_square_5x5_empty,
          minmay_the_grid_square_5x5_prize_rear_guard,
          minmay_the_grid_square_5x5_prize_deathbox,
          minmay_the_grid_square_5x5_tri_point,
          minmay_the_grid_square_5x5_sharp_hourglass,
          minmay_the_grid_square_5x5_prize_waves,
          minmay_the_grid_square_5x5_prize_monsterx,
          minmay_the_grid_square_5x5_bite, minmay_the_grid_square_5x5_lines,
          minmay_the_grid_square_5x5_shrine1,
          minmay_the_grid_square_5x5_hollow_slash,
          minmay_the_grid_square_5x5_inset], layout_irregular_city, orc_0_dummy
D:13:     minmay_wizard_corner, layout_stronghold, uniq_azrael
D:14:     layout_rooms, lightli_vaults_fourway_checkpoint, minmay_holes,
          special_room [special_room_orc], gauntlet_entry_generic
D:15:     grunt_enter_depths_magical_seal, layout_cross, serial_shops,
          freezing_bzr, grunt_dithmenos_shadows,
          nicolae_ru_great_annihilating_truth
Temple:   regret_index_temple_sphere_string
Lair:1:   layout_long_grid, grunt_megastairs_3, infiniplex_staircase_pool_2
Lair:2:   layout_cave_shapes, minmay_shoals_entry_hut,
          guppyfry_snake_entry_garden, serial_rivers,
          chequers_serial_rivers_room_b, chequers_serial_rivers_large_a,
          chequers_serial_rivers_marsh, chequers_serial_rivers_micro_b
Lair:3:   layout_cave_pods
Lair:4:   onia_ninara_swampy_vault, layout_cave_pods, gammafunk_ghost_split
Lair:5:   layout_regular_city, slime_altar_2, lemuel_fruit_tree,
          infiniplex_staircase_pool, serial_bayou_shore_b, grunt_megastairs_2
Lair:6:   hangedman_lair_caniforms_friends, layout_small_grid,
          hangedman_lair_tendril_chambers, uniq_nessos
Shoals:1: layout_shoals
Shoals:2: layout_shoals, hangedman_feature_mirror
Snake:1:  layout_honeycomb, serial_shops, shop_statue
Snake:2:  layout_rooms, uniq_frances
Snake:3:  layout_misc_corridors, basic_altar, nicolae_snake_gridmaze_swirls,
          minmay_shop_star
Snake:4:  hellmonk_snake_rune_quicksilver_temple, layout_misc_corridors
Orc:1:    layout_caves, okawaru_metal_pillars_3
Orc:2:    grunt_orc_cross, layout_diamond_mine, basic_altar

Skill      XL: |  1  2  3  4  5  6  7  8  9 10 11 12 13 14 15 16 |
---------------+-------------------------------------------------+-----
Unarmed Combat | 4 5 6 7 9 10 11 12 14 17 | 17.0
Stealth        | 2 3 4 5 7 9 12 14 15 21 20 | 21.5
Fighting       | 4 5 6 8 10 11 13 16 17 | 17.2
Dodging        | 6 8 10 11 13 16 19 | 19.5
Evocations     | 8 13 12 | 13.6

Action                   |  1- 3 |  4- 6 |  7- 9 | 10-12 | 13-15 | 16-18 || total
-------------------------+-------+-------+-------+-------+-------+-------++-------
Melee: Unarmed           |    83 |   108 |   244 |   574 |  2717 |   132 ||  3858
       Punch             |     1 |     5 |    14 |    50 |   343 |    19 ||   432
       Bite              |     8 |     6 |    41 |    78 |   413 |    17 ||   563
Invok: Berserk           |     4 |     5 |    21 |    35 |    86 |     9 ||   160
       Trog's Hand       |       |       |       |       |     3 |       ||     3
       Brothers in Arms  |       |       |       |       |     3 |       ||     3
Evoke: Wand              |       |       |    11 |    36 |    50 |       ||    97
       Lightning rod     |       |       |       |       |     5 |       ||     5
       Condenser vane    |       |       |       |       |     1 |       ||     1
  Use: Scroll            |       |       |     6 |    11 |    21 |       ||    38
       Potion            |       |       |     1 |     2 |     5 |       ||     8
 Stab: Sleeping          |     1 |     7 |     3 |    14 |    58 |     2 ||    85
       Distracted        |       |       |       |     3 |    10 |     1 ||    14
       Paralysed         |       |       |       |     1 |     1 |       ||     2
Armor: Skin              |     2 |     4 |     7 |    22 |   181 |     3 ||   219
Dodge: Dodged            |    51 |    70 |   146 |   508 |  3006 |   168 ||  3949
Block: Other             |       |     8 |    31 |    86 |       |       ||   125
       Reflection        |       |     1 |     2 |     7 |       |       ||    10

Table legend: (Time is in decaauts)
 A = Elapsed time spent in this place.
 B = Non-inter-level travel time spent in this place.
 C = Inter-level travel time spent in this place.
 D = Time resting spent in this place.
 E = Time spent auto-exploring this place.
 F = Levels seen in this place.
 G = Mean time per level.
                   A        B        C        D        E       F      G
               +--------+--------+--------+--------+--------+-----+--------+
         Total |  55186 |  52795 |   2391 |  27313 |  15674 |  31 | 1780.2 |
       Dungeon |  21334 |  19929 |   1405 |   7427 |   8590 |  15 | 1422.3 |
        Temple |    179 |    179 |      0 |    167 |      0 |   1 |  179.0 |
          Lair |  12447 |  12035 |    412 |   5354 |   3847 |   6 | 2074.5 |
        Shoals |   2013 |   1901 |    112 |    923 |    640 |   2 | 1006.5 |
     Snake Pit |  16797 |  16384 |    413 |  12736 |   1625 |   4 | 4199.2 |
  Orcish Mines |   2222 |   2175 |     47 |    603 |    890 |   2 | 1111.0 |
        Bazaar |    192 |    192 |      0 |    100 |     79 |   1 |  192.0 |
               +--------+--------+--------+--------+--------+-----+--------+

Top non-repeatable levels by time:
 Snake:3: 5815 daAuts
 Snake:1: 5126 daAuts
  Lair:6: 4153 daAuts
 Snake:2: 3820 daAuts
    D:14: 2699 daAuts
     D:9: 2507 daAuts
  Lair:3: 2325 daAuts
    D:13: 2072 daAuts
  Lair:4: 2049 daAuts
 Snake:4: 2034 daAuts
  Lair:5: 1986 daAuts
Shoals:1: 1836 daAuts
    D:12: 1825 daAuts
     D:6: 1599 daAuts
   Orc:2: 1425 daAuts
